 Dungeon Crawl Stone Soup version 0.23.0 (webtiles) character file.

Game seed: 5164080947213139044

3097 Lanoc the Blocker (level 9, -6/74 HPs)
             Began as a Gnoll Fighter on Feb 14, 2019.
             Was a Believer of Zin.
             Mangled by a komodo dragon (21 damage)
             ... on level 8 of the Dungeon.
             The game lasted 00:14:44 (7522 turns).

Lanoc the Blocker (Gnoll Fighter)                   Turns: 7522, Time: 00:14:44

Health: -6/74      AC: 15    Str: 20    XL:     9   Next: 90%
Magic:  15/15      EV: 11    Int: 13    God:    Zin [**....]
Gold:   328        SH: 11    Dex: 14    Spells: 17/17 levels left

rFire    . . .     SeeInvis .   B - +0 long sword (protect)
rCold    . . .     Gourm    +   c - +0 shield
rNeg     . . .     Faith    .   b - +0 scale mail
rPois    .         Spirit   .   (no helmet)
rElec    .         Reflect  .   y - scarf {cloud immunity}
rCorr    .         Harm     .   (no gloves)
MR       .....                  (no boots)
Stlth    +.........             q - amulet of the gourmand
HPRegen  0.22/turn              (no ring)
MPRegen  0.14/turn              (no ring)

@: protection aura
A: distributed training, fangs 1, strong nose
a: Recite, Vitalisation, Donate Gold, Renounce Religion


You were on level 8 of the Dungeon.
You worshipped Zin.
Zin was pleased with you.
You were very full.

You visited 2 branches of the dungeon, and saw 9 of its levels.
You also visited: Sewer.

You collected 364 gold pieces.
You donated 36 gold pieces to Zin.

Inventory:

Hand Weapons
 t - a +1 spear of chaos
 B - a +0 long sword of protection (weapon)
 E - a +4 battleaxe
Missiles
 e - 96 bolts
 w - 103 arrows
Armour
 b - a +0 scale mail (worn)
 c - a +0 shield (worn)
 y - a scarf of cloud immunity (worn)
Jewellery
 q - an amulet of the gourmand (around neck)
Wands
 A - a wand of scattershot (2)
Scrolls
 g - 4 scrolls of teleportation {unknown}
 h - a scroll of immolation {unknown}
 i - 5 scrolls of remove curse
 k - 5 scrolls of amnesia {unknown}
 m - 2 scrolls of magic mapping
 p - 2 scrolls of enchant weapon {unknown}
 s - a scroll of blinking {unknown}
 u - 4 scrolls of fear
 z - a scroll of summoning
Potions
 a - a potion of invisibility
 d - 6 potions of might
 j - 3 potions of agility
 l - 5 potions of cancellation
 n - 3 potions of brilliance
 o - 2 potions of haste
 r - 5 potions of curing
 v - 2 potions of heal wounds
 C - a potion of flight
Comestibles
 f - 14 rations


   Skills:
 + Level 8.1 Fighting
 + Level 4.6 Short Blades
 + Level 6.5 Long Blades
 + Level 4.6 Axes
 + Level 4.6 Maces & Flails
 + Level 4.6 Polearms
 + Level 4.6 Staves
 + Level 4.6 Slings
 + Level 4.6 Bows
 + Level 4.6 Crossbows
 + Level 4.6 Throwing
 + Level 8.1 Armour
 + Level 4.6 Dodging
 + Level 4.6 Stealth
 + Level 8.1 Shields
 + Level 4.6 Unarmed Combat
 + Level 4.6 Spellcasting
 + Level 3.8 Conjurations
 + Level 3.8 Hexes
 + Level 3.8 Charms
 + Level 3.8 Summonings
 + Level 3.8 Necromancy
 + Level 3.8 Translocations
 + Level 3.8 Transmutations
 + Level 3.8 Fire Magic
 + Level 3.8 Ice Magic
 + Level 3.8 Air Magic
 + Level 3.8 Earth Magic
 + Level 3.8 Poison Magic
 + Level 5.0 Invocations
 + Level 4.6 Evocations


You had 17 spell levels left.
You didn't know any spells.
Your spell library contained the following spells:

 Spells                   Type           Power        Failure   Level  Hunger
 Animate Skeleton         Necr           N/A          26%         1    None
 Pain                     Necr           ##..         26%         1    None
 Regeneration             Chrm/Necr      ##........   58%         3    ###....
 Vampiric Draining        Necr           ##........   58%         3    ###....
 Animate Dead             Necr           N/A          94%         4    ####...


Dungeon Overview and Level Annotations

Branches:
Dungeon (8/15)             Temple (1/1) D:7
   Lair: D:8-11

Altars:
Ashenzari
Dithmenos
Elyvilon
Fedhas
Gozag
Hepliaklqana
Kikubaaqudgha
Makhleb
Okawaru
Qazlal
Ru
Sif Muna
Trog
Uskayaw
Vehumet
Wu Jian
Xom
Yredelemnul
Zin
The Shining One
Lugonu

Shops:
D:6 *

Annotations:
D:5 2 transporters, adept's ghost, weakling FoFi


Innate Abilities, Weirdness & Mutations

Your experience applies equally to all skills.
You have very sharp teeth.
Your uncanny sense of smell can sniff out nearby items.


Message History

The komodo dragon is moderately wounded.
The komodo dragon bites you!!
* * * LOW HITPOINT WARNING * * *
You hit the komodo dragon but do no damage.
The komodo dragon is moderately wounded.
You block the komodo dragon's attack.
Evoke which item? (* to show all) (? for menu, Esc to quit)
Aiming: Scattershot
Press: ? - help, Shift-Dir - straight line, f - komodo dragon
Aim: a komodo dragon (moderately wounded)
The burst of metal fragments hits the komodo dragon but does no damage.
The burst of metal fragments hits the komodo dragon. x2
The burst of metal fragments hits the komodo dragon!
The burst of metal fragments hits the komodo dragon.
The burst of metal fragments hits the komodo dragon but does no damage.
The burst of metal fragments hits the komodo dragon.
The komodo dragon is almost dead.
You hear an angry hiss.
The komodo dragon bites you!!
You die...

## ### ... ∆ #.## ∆ .... ###
#######.^ .....###?####
###.##...## .......l@...#
#.##..#### .##........###....##
#..#.###.........## ∆ #. #.
#####.###.# ### #
############### ..#########
##.............## ..........#
#...............#
..#######.#####...............#
..............................##


You could see a komodo dragon.

Vanquished Creatures
  Sigmund (D:4)
  A spriggan (D:7)
  A basilisk (D:8)
  A steam dragon (D:8)
  Menkaure (D:4)
  A necrophage (D:6)
  2 phantoms
  An ice beast (D:6)
  3 centaurs
  4 big kobolds (Sewer)
  4 bullfrogs
  A wyvern skeleton (D:8)
  2 scorpions
  3 wights (D:7)
  A crimson imp (D:7)
  A centaur zombie (D:6)
  3 hounds
  An orc priest (D:8)
  3 iguanas
  An orc wizard (D:6)
  11 worker ants
  A killer bee zombie (D:5)
  A hound skeleton (D:7)
  A worker ant zombie (D:6)
  2 gnolls (D:3)
  17 adders
  2 river rats (Sewer)
  4 shadow imps
  5 oozes
  An adder skeleton (D:6)
  An adder zombie (D:7)
  6 worms
  5 dart slugs
  10 leopard geckos
  16 orcs
  4 ball pythons
  9 giant cockroaches
  11 goblins
  6 hobgoblins
  12 jackals
  2 quokkas
  5 bats
  7 frilled lizards
  A giant cockroach zombie (D:5)
  12 kobolds
  A leopard gecko skeleton (D:4)
  A quokka skeleton (D:7)
  A quokka zombie (D:5)
  15 rats
206 creatures vanquished.

Vanquished Creatures (collateral kills)
  A centaur skeleton (D:4)
  An orc (D:4)
2 creatures vanquished.

Grand Total: 208 creatures vanquished

Notes
Turn   | Place    | Note
-------+----------+-------------------------------------------
     0 | D:1      | Lanoc the Gnoll Fighter began the quest for the Orb.
     0 | D:1      | Reached XP level 1. HP: 23/23 MP: 1/1
    45 | D:1      | Reached XP level 2. HP: 22/29 MP: 2/2
   310 | D:1      | Reached XP level 3. HP: 33/35 MP: 3/3
   645 | D:2      | Reached skill level 1 in Invocations
   676 | D:2      | Reached skill level 1 in Short Blades
   676 | D:2      | Reached skill level 1 in Axes
   676 | D:2      | Reached skill level 1 in Maces & Flails
   676 | D:2      | Reached skill level 1 in Polearms
   676 | D:2      | Reached skill level 1 in Staves
   676 | D:2      | Reached skill level 1 in Slings
   676 | D:2      | Reached skill level 1 in Bows
   676 | D:2      | Reached skill level 1 in Crossbows
   676 | D:2      | Reached skill level 1 in Throwing
   676 | D:2      | Reached skill level 1 in Dodging
   676 | D:2      | Reached skill level 1 in Stealth
   676 | D:2      | Reached skill level 1 in Unarmed Combat
   676 | D:2      | Reached skill level 1 in Spellcasting
   676 | D:2      | Reached skill level 1 in Evocations
   773 | D:2      | Reached XP level 4. HP: 41/41 MP: 5/5
   892 | D:2      | Reached skill level 1 in Conjurations
   892 | D:2      | Reached skill level 1 in Hexes
   892 | D:2      | Reached skill level 1 in Charms
   892 | D:2      | Reached skill level 1 in Summonings
   892 | D:2      | Reached skill level 1 in Necromancy
   892 | D:2      | Reached skill level 1 in Translocations
   892 | D:2      | Reached skill level 1 in Transmutations
   892 | D:2      | Reached skill level 1 in Fire Magic
   892 | D:2      | Reached skill level 1 in Ice Magic
   892 | D:2      | Reached skill level 1 in Air Magic
   892 | D:2      | Reached skill level 1 in Earth Magic
   892 | D:2      | Reached skill level 1 in Poison Magic
  1022 | D:2      | Reached XP level 5. HP: 44/47 MP: 6/6
  1065 | D:2      | Found a shimmering altar of Xom.
  1590 | D:3      | Found a blossoming altar of Fedhas.
  1683 | D:3      | Found a shimmering altar of Xom.
  1964 | D:4      | Found a bloodstained altar of Trog.
  1981 | D:4      | Noticed a phantom
  2025 | D:4      | Killed a phantom
  2025 | D:4      | Reached XP level 6. HP: 34/53 MP: 8/8
  2035 | D:4      | Found a glowing drain.
  2046 | D:4      | Reached skill level 5 in Long Blades
  2054 | Sewer    | Entered a sewer
  2465 | Sewer    | Reached XP level 7. HP: 39/59 MP: 10/10
  2878 | D:4      | Found a radiant altar of Vehumet.
  2878 | D:4      | Found a hide-covered altar of Uskayaw.
  3012 | D:4      | Noticed Sigmund
  3037 | D:4      | Killed Sigmund
  3037 | D:4      | Reached XP level 8. HP: 64/67 MP: 12/12
  3115 | D:4      | Noticed Menkaure
  3128 | D:4      | Killed Menkaure
  3845 | D:5      | Entered Level 5 of the Dungeon
  3891 | D:5      | Found a sacrificial altar of Ru.
  3997 | D:5      | Noticed adept's ghost (weakling FoFi)
  3998 | D:5      | Found a transporter.
  3999 | D:5      | Found a transporter.
  4001 | D:5      | Identified the cursed +1 great mace "Otepemuq" {vamp, rC+
                  | rN+ MP+9}
  4270 | D:5      | Found Nieval's Armour Shop.
  4546 | D:6      | Found a burning altar of Makhleb.
  4728 | D:6      | Found an opulent altar of Gozag.
  4740 | D:6      | Found an ancient bone altar of Kikubaaqudgha.
  4873 | D:6      | Reached XP level 9. HP: 72/72 MP: 14/14
  5035 | D:6      | Found Jumn's General Store.
  5267 | D:6      | Found an ornate altar of the Wu Jian Council.
  5794 | D:7      | Found a staircase to the Ecumenical Temple.
  5829 | Temple   | Entered the Ecumenical Temple
  5871 | Temple   | Became a worshipper of Zin the Law-Giver
  5871 | Temple   | Reached * piety under Zin
  6317 | D:7      | Reached ** piety under Zin
  7048 | D:8      | Found a white marble altar of Elyvilon.
  7271 | D:8      | Found a shadowy altar of Dithmenos.
  7271 | D:8      | Found a basalt altar of Yredelemnul.
  7423 | D:8      | Reached skill level 5 in Invocations
  7506 | D:8      | Noticed a komodo dragon
  7522 | D:8      | Mangled by a komodo dragon

Skill      XL: |  1  2  3  4  5  6  7  8  9 |
---------------+----------------------------+-----
Invocations    | 1 2 3 4 5 |  5.0
Short Blades   | 1 2 3 4 |  4.6
Axes           | 1 2 3 4 |  4.6
Maces & Flails | 1 2 3 4 |  4.6
Polearms       | 1 2 3 4 |  4.6
Staves         | 1 2 3 4 |  4.6
Slings         | 1 2 3 4 |  4.6
Bows           | 1 2 3 4 |  4.6
Crossbows      | 1 2 3 4 |  4.6
Throwing       | 1 2 3 4 |  4.6
Dodging        | 1 2 3 4 |  4.6
Stealth        | 1 2 3 4 |  4.6
Unarmed Combat | 1 2 3 4 |  4.6
Spellcasting   | 1 2 3 4 |  4.6
Evocations     | 1 2 3 4 |  4.6
Conjurations   | 1 2 3 |  3.8
Hexes          | 1 2 3 |  3.8
Charms         | 1 2 3 |  3.8
Summonings     | 1 2 3 |  3.8
Necromancy     | 1 2 3 |  3.8
Translocations | 1 2 3 |  3.8
Transmutations | 1 2 3 |  3.8
Fire Magic     | 1 2 3 |  3.8
Ice Magic      | 1 2 3 |  3.8
Air Magic      | 1 2 3 |  3.8
Earth Magic    | 1 2 3 |  3.8
Poison Magic   | 1 2 3 |  3.8
Long Blades    | 5 6 |  6.5
Fighting       | 7 8 |  8.1
Armour         | 7 8 |  8.1
Shields        | 7 8 |  8.1

Action                   |  1- 3 |  4- 6 |  7- 9 || total
-------------------------+-------+-------+-------++-------
Melee: Long sword        |    96 |   127 |   215 ||   438
       Bite              |    12 |    30 |    50 ||    92
       Spear             |       |   174 |   362 ||   536
Evoke: Wand              |       |       |     3 ||     3
  Use: Scroll            |       |     3 |    11 ||    14
 Stab: Confused          |       |     1 |     6 ||     7
       Petrified         |       |       |     6 ||     6
       Paralysed         |       |       |     1 ||     1
       Petrifying        |       |       |     2 ||     2
       Sleeping          |       |       |     3 ||     3
  Eat: Chunk             |       |     5 |    24 ||    29
       Ration            |       |       |     1 ||     1
Armor: Scale mail        |    38 |    87 |   129 ||   254
Dodge: Dodged            |    24 |    80 |   151 ||   255
Block: Shield            |    48 |   174 |   216 ||   438
       Rpst.: Long sword |     7 |     9 |    18 ||    34
